 Dungeon Crawl Stone Soup version 0.28-a0-691-gad6df49e81 (webtiles) character file.

Game seed: 11139200256591758672

8921 marklar909 the Basher (level 11, 0/92 HPs)
             Began as a Palentonga Monk on Oct 23, 2021.
             Was a High Priest of Okawaru.
             Slain by a cane toad (14 damage)
             ... on level 2 of the Lair of Beasts.
             The game lasted 00:20:32 (15046 turns).

marklar909 the Basher (Palentonga Monk)            Turns: 15046, Time: 00:20:33

Health: 0/92       AC: 30    Str: 19    XL:     11   Next: 16%
Magic:  4/12       EV: 13    Int: 11    God:    Okawaru [*****.]
Gold:   516        SH:  0    Dex: 13    Spells: 10/10 levels left

rFire   + . .      SeeInvis +   p - +3 dire flail (protect)
rCold   . . .      Faith    .   (shield currently unavailable)
rNeg    . . .      Spirit   .   x - +3 swamp dragon scales
rPois   +          Reflect  .   (no helmet)
rElec   .          Harm     .   (no cloak)
rCorr   .          Rampage  .   (no gloves)
Will    .....                   (no barding)
Stlth   ++++......              A - amulet of regeneration
HPRegen 1.25/turn               e - +4 ring of protection
MPRegen 0.13/turn               (no ring)

@: heroic, under a protective aura, curled up
A: large, rugged brown scales 3, see invisible, deformed body, roll 1, armoured
tail, reflexive curl, fire resistance 1, strong 1, wild magic 1
a: Rolling Charge, Renounce Religion, Heroism, Finesse, Duel


You were on level 2 of the Lair of Beasts.
You worshipped Okawaru.
Okawaru was extremely pleased with you.
You visited 3 branches of the dungeon, and saw 12 of its levels.

You collected 516 gold pieces.

Inventory:

Hand Weapons
 k - a +3 morningstar
 p - a +3 dire flail of protection (weapon)
 s - a +0 morningstar of draining
 C - a +1 flail of freezing
Missiles
 n - 4 javelins
 w - 13 poisoned darts (quivered)
Armour
 x - +3 swamp dragon scales (worn)
 B - a scarf of harm
Jewellery
 a - an amulet of the acrobat
 e - a +4 ring of protection (left hand)
 o - an amulet of faith
 A - an amulet of regeneration (around neck)
Wands
 i - a wand of flame (30)
 q - a wand of iceblast (13)
 y - a wand of digging (7)
Scrolls
 c - 3 scrolls of teleportation
 f - a scroll of holy word
 j - 3 scrolls of magic mapping
 l - a scroll of amnesia
 m - a scroll of immolation
 r - a scroll of fear {unknown}
 z - 2 scrolls of identify
Potions
 d - a potion of brilliance {unknown}
 g - a potion of lignification
 h - 2 potions of mutation
 u - a potion of ambrosia
 v - a potion of attraction


   Skills:
 + Level 8.2(13.2) Fighting
 + Level 11.3(16.3) Maces & Flails
 + Level 1.5(6.5) Throwing
 + Level 5.1(10.1) Armour
 + Level 5.5(10.5) Dodging
 + Level 4.8(9.8) Stealth
 + Level 1.7 Invocations
 + Level 2.1 Evocations


You had 10 spell levels left.
You didn't know any spells.
Your spell library contained the following spells:

 Spells                   Type           Power      Damage    Failure   Level
 Freeze                   Ice            0%         1d3       58%         1
 Blink                    Tloc           N/A        N/A       71%         2
 Frozen Ramparts          Ice            0%         1d2       90%         3
 Lesser Beckoning         Tloc           0%         N/A       90%         3
 Hailstorm                Conj/Ice       0%         3d3       100%        4
 Manifold Assault         Tloc           0%         N/A       100%        5


Dungeon Overview and Level Annotations

Branches:
Dungeon (9/15)             Temple (1/1) D:7            Lair (1/6) D:9
    Orc: D:9-12

Altars:
Ashenzari
Cheibriados
Dithmenos
Elyvilon
Fedhas
Hepliaklqana
Kikubaaqudgha
Makhleb
Nemelex Xobeh
Okawaru
Qazlal
Ru
Sif Muna
Trog
Uskayaw
Vehumet
Wu Jian
Xom
Yredelemnul
Zin
The Shining One

Shops:
D:3 (

Annotations:
D:8 Gastronok


Innate Abilities, Weirdness & Mutations

You are completely covered in rugged brown scales. (AC +3, +7% HP)
You have supernaturally acute eyesight. (SInv)
Armour fits poorly on your strangely shaped body.
You can roll at nearby foes to attack.
You have a long armoured tail.
You curl defensively after being hit.
Your flesh is heat resistant. (rF+)
Your muscles are strong. (Str +2)
Your spells are a little harder to cast, but a little more powerful.


Message History

The polar bear is almost dead.
Your hands slow down.
The polar bear goes berserk!
You closely miss the polar bear.
The polar bear is almost dead.
The polar bear bites you!!
* * * LOW HITPOINT WARNING * * *
The polar bear closely misses you.
The polar bear claws you but does no damage.
You bludgeon the polar bear!!
You kill the polar bear!
Okawaru accepts your kill.
You feel better. The yak gores you but does no damage.
You gain the combat prowess of a mighty hero.
Okay, then.
You hit the yak.
The yak is lightly wounded.
The yak barely misses you.
You barely miss the cane toad.
The cane toad stings you but does no damage.
You hit the cane toad but do no damage. The yak closely misses you.
The cane toad stings you but does no damage.
You barely miss the yak.
The yak is lightly wounded.
You bludgeon the yak!!
The yak is severely wounded.
The cane toad stings you.
* * * LOW HITPOINT WARNING * * *
You are poisoned.
The cane toad poisons you! The yak gores you but does no damage.
You closely miss the yak. You tail-slap the yak!
The yak is almost dead.
* * * LOW HITPOINT WARNING * * *
You feel very sick. The cane toad stings you!
* * * LOW HITPOINT WARNING * * *
The yak closely misses you.
Okay, then.
You feel better. The cane toad stings you!
You die...

. $..
....#######
.$......#@#
#....YFY#
#.#....#.#
#....#.#
##..##.#
### ..# #..
#.# #≈#


You could see 2 yaks and a cane toad.

Vanquished Creatures
  Fannar (Lair:1)
  A hydra (Lair:1)
  2 two-headed ogres
  2 torpor snails (Lair:2)
  A cane toad (Lair:1)
  Maggie (D:6)
  A komodo dragon (Lair:1)
  A hornet (D:8)
  A polar bear (Lair:2)
  Grinder (D:4)
  A yak (Lair:2)
  Grum (D:9)
  A steam dragon (D:9)
  4 water moccasins
  3 black bears
  A sky beast (D:7)
  3 ice beasts
  2 orc warriors
  3 wolves (D:9)
  An ogre (D:6)
  4 centaurs
  4 kobold brigands
  6 bullfrogs
  A wyvern zombie (D:8)
  2 scorpions (D:6)
  3 killer bees (D:8)
  9 wights
  2 howler monkeys
  2 centaur zombies
  5 hounds
  An orc priest (D:9)
  2 bullfrog skeletons
  2 gnoll shamans
  An iguana (D:6)
  9 orc wizards
  A killer bee zombie (D:5)
  6 adders
  4 gnolls
  A shadow imp (D:7)
  2 white imps
  An ufetubus (D:5)
  4 worms
  A dart slug (D:2)
  28 orcs
  3 bats
  9 endoplasms
  A giant cockroach (D:2)
  9 goblins
  10 hobgoblins
  4 jackals
  3 quokkas
  3 ball pythons
  A frilled lizard (D:3)
  23 kobolds
  5 rats
204 creatures vanquished.

Vanquished Creatures (others)
  22 plants (Lair:1)
22 creatures vanquished.

Grand Total: 226 creatures vanquished

Notes
Turn   | Place    | Note
-------+----------+-------------------------------------------
     0 | D:1      | marklar909 the Palentonga Monk began the quest for the Orb.
     0 | D:1      | Reached XP level 1. HP: 19/19 MP: 1/1
   556 | D:1      | Reached XP level 2. HP: 23/25 MP: 2/2
   587 | D:1      | Found a faded altar of an unknown god.
  1385 | D:2      | Reached XP level 3. HP: 21/31 MP: 3/3
  3218 | D:3      | Reached XP level 4. HP: 20/37 MP: 4/4
  3489 | D:3      | Reached skill level 4 in Maces & Flails
  3970 | D:3      | Found Ociuming's Antique Weapon Boutique.
  4045 | D:3      | Reached XP level 5. HP: 10/44 MP: 5/5
  4050 | D:3      | HP: 2/44 [gnoll (3)]
  4051 | D:3      | Gained mutation: Your muscles are strong. (Str +2) [potion
                  | of mutation]
  4051 | D:3      | Gained mutation: Your spells are a little harder to cast,
                  | but a little more powerful. [potion of mutation]
  4051 | D:3      | Gained mutation: Your flesh is heat resistant. (rF+)
                  | [potion of mutation]
  4056 | D:3      | HP: 3/66 [gnoll (1)]
  4061 | D:3      | HP: 1/66 [gnoll (2)]
  5448 | D:4      | Reached XP level 6. HP: 41/51 MP: 6/6
  5593 | D:4      | Noticed Grinder
  5597 | D:4      | Paralysed by Grinder for 6 turns
  5616 | D:4      | Killed Grinder
  5617 | D:4      | Reached skill level 5 in Maces & Flails
  6166 | D:4      | Gained mutation: You curl defensively after being hit.
                  | [Palentonga growth]
  6166 | D:4      | Reached XP level 7. HP: 49/58 MP: 7/7
  6595 | D:5      | Entered Level 5 of the Dungeon
  7870 | D:5      | Reached skill level 6 in Maces & Flails
  8216 | D:6      | Noticed Maggie
  8234 | D:6      | Killed Maggie
  8235 | D:6      | Reached skill level 1 in Throwing
  8235 | D:6      | Reached skill level 1 in Evocations
  8235 | D:6      | Reached XP level 8. HP: 49/65 MP: 8/8
  8398 | D:6      | Reached skill level 5 in Fighting
  9238 | D:6      | Reached skill level 1 in Armour
  9254 | D:6      | Reached skill level 7 in Maces & Flails
  9935 | D:7      | Reached XP level 9. HP: 69/73 MP: 9/9
  9941 | D:7      | Found a staircase to the Ecumenical Temple.
  9959 | Temple   | Entered the Ecumenical Temple
 10536 | Temple   | Became a worshipper of Warmaster Okawaru
 10536 | Temple   | Reached * piety under Okawaru
 10536 | Temple   | Reached ** piety under Okawaru
 10813 | D:7      | Reached skill level 8 in Maces & Flails
 11232 | D:8      | Noticed a two-headed ogre
 11831 | D:8      | Killed a two-headed ogre
 11831 | D:8      | Reached *** piety under Okawaru
 11835 | D:8      | Received a gift from Okawaru
 11836 | D:8      | Reached skill level 9 in Maces & Flails
 12300 | D:8      | Noticed Gastronok
 12403 | D:8      | Reached XP level 10. HP: 68/82 MP: 10/10
 12432 | D:8      | Found an ornate altar of the Wu Jian Council.
 12632 | D:8      | Found a glowing silver altar of Zin.
 12632 | D:8      | Found an ancient bone altar of Kikubaaqudgha.
 12824 | D:8      | Reached skill level 5 in Dodging
 12889 | D:9      | Noticed a two-headed ogre
 13270 | D:9      | Killed a two-headed ogre
 13270 | D:9      | Reached **** piety under Okawaru
 13505 | D:9      | Reached skill level 10 in Maces & Flails
 13627 | D:9      | Noticed Grum
 13674 | D:9      | Killed Grum
 14111 | D:9      | Found a staircase to the Lair.
 14359 | Lair:1   | Entered Level 1 of the Lair of Beasts
 14400 | Lair:1   | Noticed a cane toad
 14413 | Lair:1   | Killed a cane toad
 14494 | Lair:1   | Noticed Fannar
 14519 | Lair:1   | Killed Fannar
 14663 | Lair:1   | Noticed an eight-headed hydra
 14698 | Lair:1   | Killed an eight-headed hydra
 14698 | Lair:1   | Reached ***** piety under Okawaru
 14699 | Lair:1   | Reached skill level 11 in Maces & Flails
 14699 | Lair:1   | Reached skill level 1 in Invocations
 14699 | Lair:1   | Reached XP level 11. HP: 90/92 MP: 8/11
 14706 | Lair:1   | Reached skill level 5 in Armour
 14997 | Lair:1   | You fall into a shaft and drop 1 floor!
 15045 | Lair:2   | HP: 4/92 [cane toad (11)]
 15046 | Lair:2   | Slain by a cane toad

Illustrated notes

Levels and vault maps discovered:
D:1:      sevenhm_arrival_forest_fort_large_1, layout_loops_corners,
          dreamdust_ecumenical_altar_grove
D:2:      layout_loops_ring, serial_co_window_serial,
          co_window_of_opportunity_a, co_window_of_opportunity_a,
          co_window_corner_a, co_window_paths_a, co_window_paths_a,
          co_window_paths_a, co_window_paths_a, co_window_paths_b,
          co_window_cross_1, co_window_paths_c, co_window_unsneaky_path_a,
          co_window_corner_b, co_window_of_opportunity_b, co_window_paths_e,
          glass_columns_b, glass_columns_a, glass_columns_a, glass_columns_b,
          chequers_mini_garden
D:3:      layout_rooms, serial_glass, glass_columns_b, glass_columns_c,
          glass_columns_a, serial_shops, nicolae_shop_waterfront,
          kennysheep_generic_room_12
D:4:      layout_basic, uniq_grinder
D:5:      layout_basic
D:6:      layout_loops_ring, uniq_maggie
D:7:      layout_basic, minmay_temple_entry_hall, nicolae_benzene_ring
D:8:      layout_gridville, minitemple, enter_bailey_7, uniq_gastronok
D:9:      layout_loops_ring, lair_entry_dummy, uniq_grum
Temple:   hc_temple_tempest_star
Lair:1:   layout_regular_city, hangedman_lair_unloving_vines,
          serial_bayou_shore_b, serial_bayou_shore_a, lemuel_fruit_fields,
          uniq_fannar
Lair:2:   layout_misc_corridors, st_stairs_5, chequers_serial_rivers_micro_b,
          kennysheep_snail_temple

Skill      XL: |  1  2  3  4  5  6  7  8  9 10 11 |
---------------+----------------------------------+-----
Maces & Flails | 4 5 6 7 9 11 | 11.3
Dodging        | 3 4 5 |  5.5
Stealth        | 2 3 4 |  4.8
Fighting       | 4 5 6 8 |  8.2
Throwing       | 1 |  1.5
Evocations     | 1 2 |  2.1
Armour         | 1 3 4 5 |  5.1
Invocations    | 1 |  1.7

Action                   |  1- 3 |  4- 6 |  7- 9 | 10-12 || total
-------------------------+-------+-------+-------+-------++-------
Melee: Mace              |   138 |       |       |       ||   138
       Tailslap          |    13 |    14 |    51 |    34 ||   112
       Flail             |     3 |   123 |    78 |       ||   204
       Morningstar       |       |       |   216 |       ||   216
       Dire flail        |       |       |     7 |   259 ||   266
       Punch             |       |       |     1 |       ||     1
Throw: Dart              |     4 |     4 |    16 |     3 ||    27
Invok: Heroism           |       |       |     1 |     4 ||     5
       Finesse           |       |       |       |     2 ||     2
 Abil: Rolling Charge    |     1 |       |     3 |       ||     4
Evoke: Wand              |       |     4 |    20 |     4 ||    28
  Use: Potion            |       |     9 |     1 |     3 ||    13
       Scroll            |       |       |    11 |     4 ||    15
 Stab: Sleeping          |     8 |     1 |     3 |     1 ||    13
       Paralysed         |       |     4 |    16 |       ||    20
       Distracted        |       |     1 |       |       ||     1
Armor: Robe              |    48 |    34 |    25 |       ||   107
       Skin              |       |    17 |       |       ||    17
       Swamp dragon scal |       |       |   111 |   121 ||   232
Dodge: Dodged            |    95 |    57 |   210 |   117 ||   479

Table legend: (Time is in decaauts)
 A = Elapsed time spent in this place.
 B = Non-inter-level travel time spent in this place.
 C = Inter-level travel time spent in this place.
 D = Time resting spent in this place.
 E = Time spent auto-exploring this place.
 F = Levels seen in this place.
 G = Mean time per level.
                   A        B        C        D        E       F      G
               +--------+--------+--------+--------+--------+-----+--------+
         Total |  15064 |  14305 |    759 |   3906 |   8302 |  12 | 1255.3 |
       Dungeon |  13812 |  13314 |    498 |   3848 |   7517 |   9 | 1534.7 |
        Temple |    592 |    348 |    244 |      0 |    331 |   1 |  592.0 |
          Lair |    659 |    643 |     16 |     58 |    454 |   2 |  329.5 |
               +--------+--------+--------+--------+--------+-----+--------+

Top non-repeatable levels by time:
     D:2: 2154 daAuts
     D:4: 1782 daAuts
     D:6: 1721 daAuts
     D:5: 1624 daAuts
     D:9: 1474 daAuts
     D:3: 1363 daAuts
     D:8: 1359 daAuts
     D:1: 1337 daAuts
     D:7: 994 daAuts
  Lair:1: 628 daAuts
  Temple: 592 daAuts
  Lair:2: 31 daAuts
